Map: World of Sleepers LE

Players

DPGPartinG (PartinG)

  • Race: Protoss Protoss
  • Spawn Location: 1:00

GOReynor (Reynor) - Winner!

  • Race: Zerg Zerg
  • League: Master
  • Spawn Location: 7:00

Event: HomeStory Cup XX

VOD

Have the link to the VOD?

Description

Time

  • Played on: Nov. 21, 2019, 5 p.m.
  • Length: 8:20

All games in this series

Show
View Real Time Build Order
Export as new Build Order

DPGPartinG Protoss 

Build Orders:  

Get SALT Encoding   

  12  0:00  Probe  
  13  0:12  Probe  
  14  0:17  Pylon  
  14  0:24  Probe  
  15  0:32  Probe  
  15  0:36  Gateway  
  15  0:40  Probe  
  17  0:51  Forge  
  17  0:54  Probe  
  18  1:00  Assimilator  
  18  1:06  Probe  
  19  1:19  Pylon  
  19  1:22  Pylon  
  19  1:29  Cybernetics Core  
  19  1:41  Photon Cannon  
  19  1:42  Pylon  
  19  1:43  Probe  
  20  1:55  Photon Cannon  
  20  1:59  Pylon  
  20  2:21  Shield Battery  
  20  2:25  Probe  
  20  2:28  Assimilator  
  20  2:38  Probe  
  21  2:47  Adept  
  21  2:48  Pylon  
  21  2:50  Probe  
  24  3:06  Probe, Photon Cannon  
  24  3:07  Robotics Facility  
  24  3:08  Robotics Facility  
  25  3:16  Pylon  
  25  3:21  Warp Gate  
  25  3:29  Probe  
  26  3:36  Pylon  
  26  3:45  Immortal  
  26  3:51  Warp Prism  
  30  4:07  Shield Battery  
  30  4:11  Pylon  
  30  4:17  Pylon  
  30  4:24  Immortal  
  30  4:25  Observer  
  30  4:30  Pylon  
  35  4:40  Shield Battery  
  35  4:50  Robotics Bay  
  35  4:57  Immortal  
  39  5:12  Shield Battery  
  39  5:28  Shield Battery  
  39  5:32  Sentry  
  41  5:37  Photon Cannon  
  41  5:48  Disruptor  
  44  5:54  Pylon  
  44  5:56  Zealot  
  46  6:09  Pylon  
  41  6:40  Probe  
  38  6:47  Shield Battery x2  
  38  6:52  Disruptor, Probe  
  39  6:54  Gateway  
  42  7:13  Pylon  
  42  7:18  Disruptor  
  42  7:22  Probe  
  46  7:36  Sentry  
  47  7:38  Warp Prism  
  37  7:46  Probe  
Show
View Real Time Build Order
Export as new Build Order

GOReynor Zerg - Winner!

Build Orders: Pool First 

Get SALT Encoding   

  12  0:17  Spawning Pool  
  11  0:21  Drone  
  11  0:26  Drone  
  13  0:32  Drone  
  14  0:40  Overlord  
  14  1:04  Zergling x4  
  14  1:05  Zergling x2  
  17  1:17  Hatchery  
  16  1:18  Zergling x2  
  17  1:28  Zergling x2  
  18  1:33  Queen  
  18  1:38  Drone  
  21  1:48  Drone  
  21  1:51  Extractor  
  21  1:58  Overlord  
  21  2:10  Drone  
  21  2:16  Queen  
  21  2:21  Drone  
  23  2:30  Queen  
  23  2:32  Drone x2  
  27  2:40  Drone  
  27  2:41  Drone  
  29  2:44  Drone x2  
  29  2:48  Drone  
  32  2:54  Overlord  
  32  3:00  Drone  
  32  3:02  Drone  
  32  3:04  Drone  
  35  3:14  Metabolic Boost  
  35  3:15  Drone  
  35  3:16  Drone  
  37  3:27  Zergling x6  
  37  3:29  Queen  
  42  3:34  Overlord  
  42  3:36  Drone  
  43  3:42  Overlord  
  43  3:45  Spore Crawler  
  43  3:46  Drone  
  43  3:52  Drone  
  44  3:59  Drone x4  
  44  4:01  Queen  
  49  4:06  Queen  
  51  4:11  Zergling x4  
  51  4:12  Zergling x2  
  51  4:16  Overlord  
  54  4:18  Zergling x2  
  54  4:20  Zergling x2  
  54  4:21  Zergling x2  
  54  4:23  Zergling x2  
  58  4:26  Drone  
  58  4:29  Zergling x2  
  60  4:33  Baneling Nest  
  59  4:38  Zergling x8  
  59  4:41  Queen  
  59  4:44  Zergling x4  
  67  4:46  Zergling x2  
  67  4:50  Overlord  
  68  4:55  Overlord  
  68  5:01  Overlord  
  68  5:10  Zergling x4  
  68  5:11  Zergling x2, Queen  
  68  5:13  Zergling x6  
  76  5:17  Baneling x4  
  76  5:18  Baneling x3  
  75  5:21  Zergling x4  
  75  5:24  Zergling x2  
  75  5:25  Zergling x2  
  75  5:26  Baneling  
  79  5:30  Zergling x2  
  79  5:32  Zergling x2  
  80  5:39  Zergling x2  
  80  5:41  Baneling x2  
  74  5:44  Zergling x2  
  74  5:45  Queen  
  74  5:46  Zergling x2  
  78  5:55  Zergling x2  
  76  5:58  Zergling x2  
  76  6:01  Zergling x6  
  76  6:02  Zergling x4  
  77  6:06  Zergling x2  
  77  6:09  Zergling x2  
  77  6:10  Hatchery  
  73  6:12  Zergling x2  
  73  6:17  Zergling x2  
  68  6:20  Lair  
  68  6:23  Zergling x2  
  67  6:29  Zergling x2  
  67  6:32  Zergling x2  
  65  6:39  Queen  
  66  6:41  Zergling x2  
  66  6:42  Zergling x2  
  67  6:50  Extractor, Drone x3  
  67  6:51  Extractor  
  68  6:57  Zergling x2  
  68  7:02  Zergling x2  
  68  7:05  Zergling x2  
  70  7:12  Zergling x6  
  70  7:13  Zergling x2  
  70  7:15  Queen  
  74  7:18  Drone  
  74  7:20  Extractor  
  74  7:23  Spore Crawler, Drone  
  74  7:24  Spire  
  74  7:28  Zergling x2  
  74  7:33  Queen  
  74  7:34  Drone  
  74  7:36  Drone x2  
  76  7:39  Overlord  
  76  7:40  Baneling x5  
  76  7:46  Drone  
  76  7:47  Drone  
  76  7:48  Drone x3  
  76  7:51  Drone  
  80  7:53  Drone x3  
  82  8:04  Drone  
Tags
 
Add a new tag
Caveats
  • Supply blocks, unpowered buildings, or Contaminate may cause inaccurate times.
  • Supply counts are checked every 10 seconds.